 Dungeon Crawl Stone Soup version 0.28-a0-704-g4d584c6bc1 (webtiles) character file.

Game seed: 1520499864044411826

23288 Lekart the Cruncher (level 12, -4/115 HPs)
             Began as a Pale Draconian Fighter on Oct 24, 2021.
             Was the Champion of the Shining One.
             Slain by an ogre (11 damage)
             ... led by an orc warlord
             ... while paralysed by an orc sorcerer
             ... on level 1 of the Orcish Mines.
             The game lasted 00:21:25 (13361 turns).

Lekart the Cruncher (Pale Draconian Fighter)       Turns: 13361, Time: 00:21:26

Health: -4/115     AC: 15    Str: 32    XL:     12   Next: 70%
Magic:  0/20       EV:  2    Int:  9    God:    the Shining One [******]
Gold:   1723       SH:  0    Dex: 14    Spells: 11/11 levels left

rFire   . . .      SeeInvis .   y - +9 quarterstaff of Superiority {freeze, Str+7}
rCold   . . .      Faith    .   (shield currently unavailable)
rNeg    + + +      Spirit   +   (armour unavailable)
rPois   +          Reflect  .   (helmet restricted)
rElec   .          Harm     .   h - +1 cloak
rCorr   .          Rampage  .   M - +2 pair of gloves
Will    .....                   L - +1 pair of boots of Ovil {rPois Dex+3}
Stlth   +.........              g - amulet of guardian spirit
HPRegen 0.29/turn               l - +4 ring of evasion
MPRegen 0.17/turn               u - +4 ring of evasion

@: paralysed, lethally poisoned (-4 -> -10), glowing
A: breathe steam, AC +8, unfitting armour, cold-blooded, steam resistance,
stinger 1, robust 1, strong 1, MP-powered wands
a: Breathe Steam, Renounce Religion, Divine Shield, Cleansing Flame, Summon
Divine Warrior, Brand Weapon With Holy Wrath


You were on level 1 of the Orcish Mines.
You worshipped the Shining One.
The Shining One was exalted by your worship.
You visited 2 branches of the dungeon, and saw 12 of its levels.
You also visited: Ossuary and Ice Cave.

You collected 1723 gold pieces.

Inventory:

Hand Weapons
 a - a +1 long sword of flaming
 k - a +4 war axe of freezing
 y - the +9 quarterstaff of Superiority (weapon) {freeze, Str+7}
   (You found it on level 6 of the Dungeon)

   It freezes those it strikes, dealing additional cold damage.
   It can also slow down cold-blooded creatures.
   Str:       It affects your strength (+7).
Armour
 h - a +1 cloak (worn)
 L - the +1 pair of boots of Ovil (worn) {rPois Dex+3}
   (You found it on level 10 of the Dungeon)

   Dex:       It affects your dexterity (+3).
   rPois:     It protects you from poison.
 M - a +2 pair of gloves (worn)
Jewellery
 g - an amulet of guardian spirit (around neck)
 l - a +4 ring of evasion (left hand)
 u - a +4 ring of evasion (right hand)
Wands
 e - a wand of charming (16)
 m - a wand of polymorph (6)
 v - a wand of flame (40)
 D - a wand of paralysis (8)
 G - a wand of mindburst (31)
 K - a wand of iceblast (24)
Scrolls
 p - a scroll of fear
 q - 2 scrolls of amnesia
 r - 4 scrolls of teleportation
 w - a scroll of blinking
 z - a scroll of magic mapping
 A - a scroll of fog
 F - a scroll of brand weapon
Potions
 c - 3 potions of might
 f - a potion of brilliance
 i - 2 potions of heal wounds
 o - 3 potions of curing
 t - 3 potions of flight
 x - a potion of cancellation
 B - 2 potions of haste
 C - a potion of magic
 J - a potion of ambrosia
Miscellaneous
 N - a box of beasts


   Skills:
 + Level 9.4 Fighting
 + Level 7.7 Long Blades
 + Level 5.5 Axes
 + Level 11.8 Staves
 + Level 8.1 Dodging
 + Level 4.9 Shields
 * Level 10.7 Invocations


You had 11 spell levels left.
You didn't know any spells.
Your spell library contained the following spells:

 Spells                   Type           Power      Damage    Failure   Level
 Magic Dart               Conj           0%         1d3       38%         1
 Sting                    Tmut/Pois      0%         1d3       38%         1
 Ensorcelled Hibernation  Hex/Ice        0%         N/A       52%         2
 Poisonous Vapours        Pois/Air       0%         N/A       52%         2
 Searing Ray              Conj           0%         2d4       52%         2
 Slow                     Hex            0%         N/A       52%         2
 Confusing Touch          Hex            0%         N/A       77%         3
 Dazzling Flash           Conj/Hex       0%         N/A       77%         3
 Frozen Ramparts          Ice            0%         1d2       77%         3
 Spider Form              Tmut/Pois      0%         N/A       77%         3
 Vampiric Draining        Necr           0%         2d6       77%         3
 Fulminant Prism          Conj/Hex       0%         3d6       99%         4
 Olgreb's Toxic Radiance  Pois           0%         N/A       99%         4
 Agony                    Necr           0%         N/A       100%        5
 Alistair's Intoxication  Tmut/Pois      0%         N/A       100%        5
 Borgnjor's Vile Clutch   Necr/Erth      0%         N/A       100%        5
 Silence                  Hex/Air        0%         N/A       100%        5
 Eringya's Noxious Bog    Tmut/Pois      0%         N/A       100%        6
 Ozocubu's Refrigeration  Ice            0%         4d5       100%        7


Dungeon Overview and Level Annotations

Branches:
Dungeon (11/15)            Temple (0/1) D:7            Lair (0/6) D:9
    Orc (1/2) D:11        Ossuary (visited)           IceCv (visited)

Altars:
Nemelex Xobeh
The Shining One

Shops:
D:8 ::


Innate Abilities, Weirdness & Mutations

You can breathe blasts of scalding, opaque steam.
Your pale cyan-grey scales are hard. (AC +8)
You cannot fit into any form of body armour.
You are cold-blooded and may be slowed by cold attacks.
You are immune to the effects of steam.
Your tail ends in a poisonous barb.
You are robust. (+10% HP)
Your muscles are strong. (Str +2)
You expend magic power (3 MP) to strengthen your wands.


Message History

You start resting.
Magic restored.
You start resting.
HP restored.
You climb downwards.
Welcome back to the Orcish Mines!
The orc sorcerer's eyes start to glow.
The orc warrior throws a boomerang.
The boomerang closely misses you. The orc misses you.
The orc sorcerer gestures at you while chanting.
You suddenly lose the ability to move!
The ogre barely misses you. The orc hits you with a +0 short sword.
The orc hits you but does no damage.
The orc warlord roars a battlecry!
The orcs go into a battle-frenzy!
The orc hits you but does no damage.
The ogre hits you with a +0 giant spiked club.
The orc warrior hits you from afar with a +0 halberd.
The orc warlord hits you with a +1 great mace of protection!!
The orc hits you but does no damage. The ogre completely misses you.
The orc warrior hits you from afar with a +0 halberd!!
The ogre hits you with a +0 giant spiked club!
The orc hits you but does no damage.
You are poisoned.
The orc hits you but does no damage.
The orc warlord hits you with a +1 great mace of protection.
The orc hits you but does no damage.
The orc warrior hits you from afar with a +0 halberd!
The ogre hits you with a +0 giant club!
* * * LOW HITPOINT WARNING * * *
You feel very sick. The orc barely misses you.
The orc hits you but does no damage.
The ogre hits you with a +0 giant spiked club.
* * * LOW HITPOINT WARNING * * *
The orc warlord hits you with a +1 great mace of protection!!
* * * LOW HITPOINT WARNING * * *
The orc hits you but does no damage.
The orc warrior hits you but does no damage.
You feel sick. The orc hits you but does no damage.
The ogre hits you with a +0 giant club!
You die...

##...#............#*..,*
#######.........###...*
*#..##........#...#*
#.................#
##..##........#...##
#.................#
##.##..[.....#...#****
#**##ooO.....#.###.,**
###@.#.......#..,,*
##.ooOo..>...#.#.,,**
***##.oooo...........,,,*
**,*#......[o.........,,,*
*,..........o.........*,**
***..#.#...............,**
*****,*...#.............##.**
**,,*,,,...##........[.###**,**
*,,,,*,,..,......#......#*,,,,**


You could see an orc warlord, 2 orc sorcerers, 3 orc warriors, 2 ogres and 5
orcs.

Vanquished Creatures
  An orc warlord (Orc:1)
  A frost giant (IceCv)
  4 death yaks (IceCv)
  Erica (D:10)
  A two-headed ogre (D:9)
  An ugly thing (IceCv)
  2 orc sorcerers (Orc:1)
  3 cyclopes
  Maurice (D:8)
  An ice statue (IceCv)
  A gargoyle (D:10)
  A rime drake (IceCv)
  Psyche (D:8)
  9 polar bears (IceCv)
  2 shadows
  24 yaks
  A steam dragon (D:8)
  Edmund (D:4)
  3 water moccasins
  A black bear (D:9)
  2 ice beasts (D:7)
  A sky beast (D:7)
  A hornet zombie (D:8)
  A necrophage (D:6)
  16 orc warriors
  7 ogres
  A centaur (D:7)
  A phantom (D:6)
  18 wolves (IceCv)
  3 bullfrogs
  Blork the orc (D:4)
  A cane toad simulacrum (Orc:1)
  2 wyvern zombies (Ossuary)
  4 scorpions
  2 two-headed ogre simulacra (Orc:1)
  A wyvern skeleton (D:7)
  3 water moccasin zombies
  A water moccasin skeleton (D:6)
  3 killer bees (D:9)
  3 howler monkeys
  11 wights
  4 bullfrog zombies (Ossuary)
  8 centaur zombies
  4 hounds
  2 jellies
  11 orc priests
  Crazy Yiuf (D:3)
  Jessica (D:3)
  Ijyb (D:3)
  12 orc wizards
  2 troll simulacra (Orc:1)
  A spriggan simulacrum (Orc:1)
  A killer bee zombie (Ossuary)
  A hound skeleton (D:4)
  17 mummies
  2 howler monkey zombies
  19 gnolls
  7 adders
  2 shadow imps
  2 white imps
  An ufetubus (D:6)
  An adder zombie (D:5)
  An adder skeleton (D:4)
  A worm (D:4)
  42 orcs
  3 endoplasms (D:2)
  3 giant cockroaches
  3 goblins
  6 hobgoblins
  5 jackals (D:3)
  5 kobolds
  3 quokkas
  5 ball pythons
  3 bats
  A frilled lizard (D:3)
  A goblin zombie (D:4)
  A kobold zombie (D:4)
  3 rats
329 creatures vanquished.

Vanquished Creatures (collateral kills)
  An ogre (Orc:1)
  2 spriggan simulacra (Orc:1)
  An orc (Orc:1)
4 creatures vanquished.

Vanquished Creatures (others)
  2 orcs
  A fungus (D:9)
  5 plants (D:9)
  5 withered plants (Ossuary)
13 creatures vanquished.

Grand Total: 346 creatures vanquished

Notes
Turn   | Place    | Note
-------+----------+-------------------------------------------
     0 | D:1      | Lekart the Draconian Fighter began the quest for the Orb.
     0 | D:1      | Reached XP level 1. HP: 19/19 MP: 1/1
   130 | D:1      | Found a faded altar of an unknown god.
   154 | D:1      | Prayed at the altar of an unknown god.
   154 | D:1      | Became a worshipper of the Shining One
   154 | D:1      | Reached * piety under the Shining One
   807 | D:1      | Reached XP level 2. HP: 26/26 MP: 2/2
  1242 | D:2      | Reached skill level 1 in Invocations
  1315 | D:2      | Reached XP level 3. HP: 31/31 MP: 3/3
  1862 | D:3      | Noticed Ijyb
  1862 | D:3      | Paralysed by Ijyb for 6 turns
  1873 | D:3      | Paralysed by Ijyb for 5 turns
  1883 | D:3      | Killed Ijyb
  1884 | D:3      | Reached XP level 4. HP: 22/40 MP: 3/5
  1954 | D:3      | HP: 1/40 [gnoll (10)]
  2332 | D:3      | Reached XP level 5. HP: 15/46 MP: 6/6
  2843 | D:3      | Gained mutation: You expend magic power (3 MP) to
                  | strengthen your wands. [potion of mutation]
  2843 | D:3      | Gained mutation: Your tail ends in a poisonous barb.
                  | [potion of mutation]
  2843 | D:3      | Gained mutation: Your muscles are strong. (Str +2) [potion
                  | of mutation]
  2843 | D:3      | Gained mutation: You are robust. (+10% HP) [potion of
                  | mutation]
  2874 | D:3      | Found a runed translucent door.
  2875 | D:3      | Noticed Crazy Yiuf
  3093 | D:3      | Noticed Jessica
  3094 | D:3      | Reached ** piety under the Shining One
  3095 | D:3      | Killed Jessica
  3301 | D:3      | Killed Crazy Yiuf
  3674 | D:4      | Noticed an ogre
  3682 | D:4      | Killed an ogre
  3683 | D:4      | Reached XP level 6. HP: 36/57 MP: 3/8
  3808 | D:4      | Noticed Edmund
  3816 | D:4      | Killed Edmund
  3942 | D:4      | Found a sand-covered staircase.
  3947 | Ossuary  | Entered an ossuary
  3978 | Ossuary  | Your scales start taking on a pale cyan-grey colour.
  3978 | Ossuary  | Reached XP level 7. HP: 64/66 MP: 9/9
  3978 | Ossuary  | Gained mutation: You are immune to the effects of steam.
                  | [Pale Draconian growth]
  3979 | Ossuary  | Reached skill level 5 in Long Blades
  4000 | Ossuary  | Reached *** piety under the Shining One
  4069 | Ossuary  | Reached skill level 5 in Fighting
  4094 | Ossuary  | Reached XP level 8. HP: 74/74 MP: 11/11
  4223 | Ossuary  | Reached **** piety under the Shining One
  4351 | Ossuary  | Identified a scroll of acquirement
  4351 | Ossuary  | Acquired 841 gold pieces
  4686 | D:4      | Reached skill level 5 in Invocations
  4967 | D:4      | Noticed Blork the orc
  4979 | D:4      | Killed Blork the orc
  4980 | D:4      | Reached skill level 1 in Axes
  5143 | D:5      | Entered Level 5 of the Dungeon
  5448 | D:5      | Reached XP level 9. HP: 71/82 MP: 13/13
  6787 | D:6      | Identified the +9 quarterstaff of Superiority {freeze,
                  | Str+7}
  6865 | D:6      | Reached skill level 5 in Dodging
  7012 | D:6      | Reached ***** piety under the Shining One
  7163 | D:6      | Reached skill level 5 in Axes
  7167 | D:6      | Reached skill level 1 in Staves
  7571 | D:6      | Noticed a cyclops
  7578 | D:6      | Killed a cyclops
  7579 | D:6      | Reached skill level 2 in Staves
  7598 | D:6      | Reached skill level 3 in Staves
  7954 | D:7      | Reached XP level 10. HP: 92/92 MP: 13/15
  8193 | D:7      | Reached skill level 4 in Staves
  8274 | D:7      | Found a staircase to the Ecumenical Temple.
  8762 | D:8      | Noticed Maurice
  8807 | D:8      | Killed Maurice
  8808 | D:8      | Reached skill level 5 in Staves
  8922 | D:8      | Found Cosheoc's Book Boutique.
  8923 | D:8      | Noticed Psyche
  8927 | D:8      | Killed Psyche
  9055 | D:8      | Reached skill level 6 in Staves
  9422 | D:8      | Found Nonow's Book Emporium.
  9690 | D:9      | Found a sparkling altar of Nemelex Xobeh.
  9839 | D:9      | Noticed a two-headed ogre
  9847 | D:9      | Killed a two-headed ogre
  9848 | D:9      | Reached skill level 7 in Staves
 10055 | D:9      | Found a staircase to the Lair.
 10146 | D:10     | Entered Level 10 of the Dungeon
 10188 | D:10     | Noticed a gargoyle
 10198 | D:10     | Killed a gargoyle
 10449 | D:10     | Reached XP level 11. HP: 91/101 MP: 14/17
 10689 | D:10     | Identified the +1 pair of boots of Ovil {rPois Dex+3}
 10883 | D:10     | Noticed Erica
 10891 | D:10     | Killed Erica
 10892 | D:10     | Reached skill level 8 in Staves
 11160 | D:11     | Reached ****** piety under the Shining One
 11626 | D:11     | Found a staircase to the Orcish Mines.
 11631 | D:11     | Reached skill level 9 in Staves
 11655 | Orc:1    | Entered Level 1 of the Orcish Mines
 11655 | Orc:1    | Noticed an orc sorcerer
 11659 | Orc:1    | Killed an orc sorcerer
 11680 | Orc:1    | Found a frozen archway.
 11682 | Orc:1    | Noticed an orc warlord
 11696 | Orc:1    | Noticed an orc sorcerer
 11701 | Orc:1    | Killed an orc sorcerer
 11709 | Orc:1    | Killed an orc warlord
 11721 | IceCv    | Entered an ice cave
 11848 | IceCv    | Reached XP level 12. HP: 97/113 MP: 19/19
 11850 | IceCv    | Reached skill level 10 in Staves
 12053 | IceCv    | Reached skill level 10 in Invocations
 12441 | IceCv    | Noticed a death yak
 12461 | IceCv    | Killed a death yak
 12660 | IceCv    | Reached skill level 11 in Staves
 12724 | IceCv    | Noticed a death yak
 12724 | IceCv    | Noticed a death yak
 12724 | IceCv    | Noticed a frost giant
 12724 | IceCv    | Noticed a death yak
 12734 | IceCv    | Killed a death yak
 12740 | IceCv    | Killed a death yak
 12747 | IceCv    | Killed a death yak
 12754 | IceCv    | Killed a frost giant
 12920 | IceCv    | Got the Collected Works on Cold
 13292 | Orc:1    | Noticed an orc warlord
 13356 | Orc:1    | Paralysed by an orc sorcerer for 6 turns
 13361 | Orc:1    | Slain by an ogre

Illustrated notes

Levels and vault maps discovered:
D:1:      dpeg_arrival_castle, layout_basic, ebering_ecumenical_altar_webs
D:2:      layout_basic
D:3:      layout_loops_cross, uniq_ijyb, uniq_jessica, uniq_crazy_yiuf_cottage
D:4:      layout_loops_ring, nicolae_ossuary_entry_giza,
          kennysheep_generic_room_15, uniq_blork_the_orc, uniq_edmund
D:5:      layout_layer_cave
D:6:      minmay_chambers_of_sixes, layout_loops_corners
D:7:      layout_basic, temple_pool_b
D:8:      layout_gridville, serial_shops, nicolae_shop_stone, shop,
          uniq_maurice, uniq_psyche
D:9:      layout_rooms, mainiacjoe_overflow_tiny_flanked,
          grunt_lair_entry_orc_guard_hut
D:10:     layout_irregular_city, uniq_erica
D:11:     layout_loops_ring, erik_orc_2, led_xom_imps, uniq_urug
Orc:1:    layout_caves, basic_altar, portal_ice_cave_entry_ice_simulacra

Skill      XL: |  1  2  3  4  5  6  7  8  9 10 11 12 |
---------------+-------------------------------------+-----
Invocations    | 1 2 3 4 5 6 8 9 10 | 10.7
Dodging        | 3 4 5 6 7 8 |  8.1
Long Blades    | 3 4 6 7 |  7.7
Fighting       | 4 5 6 7 8 9 |  9.4
Shields        | 4 |  4.9
Axes           | 3 5 |  5.5
Staves         | 3 7 9 11 | 11.8

Action                   |  1- 3 |  4- 6 |  7- 9 | 10-12 || total
-------------------------+-------+-------+-------+-------++-------
Melee: Long sword        |    59 |   107 |   122 |       ||   288
       Tailslap          |     6 |    11 |    34 |    82 ||   133
       War axe           |       |       |    99 |       ||    99
       Quarterstaff      |       |       |    54 |   462 ||   516
Invok: Divine Shield     |       |     1 |       |     4 ||     5
       Cleansing Flame   |       |       |       |     2 ||     2
       Summon Divine War |       |       |       |     1 ||     1
 Abil: Breathe Steam     |       |       |     2 |     4 ||     6
  Use: Potion            |       |     2 |       |     4 ||     6
       Scroll            |       |     5 |    11 |     9 ||    25
Armor: Skin              |    25 |    16 |    68 |   108 ||   217
Dodge: Dodged            |    47 |    57 |   248 |   452 ||   804
Block: Buckler           |     8 |    23 |    53 |       ||    84
       Other             |       |       |       |    33 ||    33

Table legend: (Time is in decaauts)
 A = Elapsed time spent in this place.
 B = Non-inter-level travel time spent in this place.
 C = Inter-level travel time spent in this place.
 D = Time resting spent in this place.
 E = Time spent auto-exploring this place.
 F = Levels seen in this place.
 G = Mean time per level.
                   A        B        C        D        E       F      G
               +--------+--------+--------+--------+--------+-----+--------+
         Total |  13478 |  13134 |    344 |   1497 |   9035 |  14 |  962.7 |
       Dungeon |  11371 |  11027 |    344 |    855 |   8467 |  11 | 1033.7 |
  Orcish Mines |    238 |    238 |      0 |      0 |    135 |   1 |  238.0 |
       Ossuary |    479 |    479 |      0 |      0 |    196 |   1 |  479.0 |
      Ice Cave |   1387 |   1387 |      0 |    642 |    236 |   1 | 1387.0 |
               +--------+--------+--------+--------+--------+-----+--------+

Top non-repeatable levels by time:
     D:3: 1541 daAuts
     D:5: 1493 daAuts
   IceCv: 1387 daAuts
     D:6: 1294 daAuts
    D:10: 1214 daAuts
     D:2: 1181 daAuts
     D:4: 1148 daAuts
     D:8: 987 daAuts
     D:1: 906 daAuts
     D:7: 799 daAuts
 Ossuary: 479 daAuts
     D:9: 463 daAuts
    D:11: 341 daAuts
   Orc:1: 238 daAuts
